 Dungeon Crawl Stone Soup version 0.25-a0-632-g7713895373 (webtiles) character file.

Game seed: 15847675889059036891, levelgen mode: deterministic

3014 Envy91 the Fighter (level 9, 0/92 HPs)
             Began as a Minotaur Berserker on Mar 19, 2020.
             Was an Elder of Trog.
             Slain by an unseen horror (2 damage)
             ... on level 8 of the Dungeon.
             The game lasted 01:32:14 (10095 turns).

Envy91 the Fighter (Minotaur Berserker)            Turns: 10095, Time: 01:32:15

Health: 0/92       AC: 14    Str: 25    XL:     9   Next: 55%
Magic:  8/8        EV:  9    Int:  4    God:    Trog [****..]
Gold:   337        SH:  0    Dex: 10    Spells: 8/8 levels left

rFire    . . .     SeeInvis .   B - +3 hand axe (flame)
rCold    . . .     Gourm    .   (no shield)
rNeg     + . .     Faith    .   z - +0 chain mail
rPois    .         Spirit   .   (helmet restricted)
rElec    .         Reflect  .   J - +2 cloak
rCorr    .         Harm     .   (no gloves)
MR       .....                  (no boots)
Stlth    ..........             (no amulet)
HPRegen  0.25/turn              i - ring of positive energy
MPRegen  0.11/turn              (no ring)

@: berserk cooldown, hasted and slowed
A: retaliatory headbutt, horns 2
a: Berserk, Trog's Hand, Brothers in Arms, Renounce Religion


You were on level 8 of the Dungeon.
You worshipped Trog.
Trog was greatly pleased with you.
You were very hungry.

You visited 1 branch of the dungeon, and saw 8 of its levels.

You collected 337 gold pieces.

Inventory:

Hand Weapons
 B - a +3 hand axe of flaming (weapon)
 H - a +2 trident of protection
 I - a +3 quarterstaff of chaos
Missiles
 h - 12 boomerangs (quivered)
 n - 29 poisoned darts
 r - 7 curare-tipped darts
 y - 16 arrows
Armour
 z - a +0 chain mail (worn)
 J - a +2 cloak (worn)
Jewellery
 i - a ring of positive energy (left hand)
Wands
 f - a wand of random effects (24)
 p - a wand of paralysis (9)
 C - a wand of disintegration (13)
 E - a wand of polymorph (8)
 F - a wand of enslavement (4)
Scrolls
 e - 6 scrolls of remove curse
 g - 2 scrolls of fog
 o - 2 scrolls of teleportation
 q - a scroll of magic mapping {unknown}
 t - a scroll of amnesia {unknown}
 u - 2 scrolls of blinking {unknown}
 w - a scroll of random uselessness {unknown}
 x - a scroll of silence {unknown}
 A - a scroll of identify
Potions
 a - 3 potions of might {unknown}
 b - 2 potions of brilliance {unknown}
 d - a potion of ambrosia
 j - 4 potions of haste
 k - 3 potions of curing {unknown}
 l - 2 potions of stabbing
 m - 2 potions of flight {unknown}
 s - a potion of mutation {unknown}
 v - a potion of berserk rage {unknown}
 D - 2 potions of heal wounds {unknown}
Comestibles
 c - 7 rations


   Skills:
 + Level 12.8 Fighting
 - Level 7.0 Axes
 - Level 8.0 Armour
 - Level 2.1 Dodging


You had 8 spell levels left.
You didn't know any spells.
Your spell library contained the following spells:

 Spells                   Type           Power        Failure   Level  Hunger
 Animate Skeleton         Necr           N/A          97%         1    ##.....
 Apportation              Tloc           #.....       97%         1    ##.....
 Corona                   Hex            #......      97%         1    ##.....
 Summon Small Mammal      Summ           #...         97%         1    ##.....


Dungeon Overview and Level Annotations

Branches:
Dungeon (8/15)
 Temple: D:4-7         Lair: D:8-11

Altars:
Fedhas
Hepliaklqana
Vehumet
Xom
Yredelemnul

Shops:
D:4 ([


Innate Abilities, Weirdness & Mutations

You reflexively headbutt those who attack you in melee.
You have a pair of horns on your head.


Message History

You feel a strong urge to attack something.
Something hits you but does no damage.
You feel your anger nearly subside. Something hits you but does no damage.
You are no longer berserk.
You are exhausted.
You feel yourself slow down. Something hits you.
* * * LOW HITPOINT WARNING * * *
Something hits you!
* * * LOW HITPOINT WARNING * * *
Something hits you but does no damage. x2
Something hits you.
* * * LOW HITPOINT WARNING * * *
Something hits you but does no damage.
You feel yourself speed up. Something hits you but does no damage.
Something hits you but does no damage. x2
You hit something but do no damage. Something hits you.
* * * LOW HITPOINT WARNING * * *
Something hits you.
You die...

## #. #. #.##### #####...
#.#.#.#++#.#.#.#. ##.
##.....%....%..... ....
#...........P%.### $.#.
##...%............. ....
#..#...%...%(...#######... #
#.(....@.....##.......#.
#...####.#...........####.
>.........<.................
..............#.........##..
............................
...........#####..##########
##.#........ #..# #.......
..... .... ....#.. #.##


There were no monsters in sight!

Vanquished Creatures
  Pikel (D:7)
  Menkaure (D:7)
  3 slaves (D:7)
  2 sky beasts (D:7)
  2 orc warriors (D:6)
  An ice beast (D:5)
  A centaur (D:6)
  6 ogres
  A crocodile (D:7)
  5 killer bees (D:7)
  2 howler monkeys
  2 crimson imps (D:7)
  3 hounds (D:6)
  A quasit (D:6)
  A bullfrog skeleton (D:5)
  Crazy Yiuf (D:7)
  6 orc priests
  4 orc wizards
  An iguana (D:4)
  Natasha (D:4)
  6 worker ants
  3 hound skeletons
  4 gnolls (D:7)
  8 adders
  3 shadow imps
  2 oozes
  An adder zombie (D:5)
  2 worms (D:3)
  A dart slug (D:1)
  6 leopard geckos
  19 orcs
  4 giant cockroaches
  8 goblins
  9 hobgoblins
  8 jackals
  2 quokkas
  7 bats
  7 frilled lizards
  8 kobolds
  A leopard gecko zombie (D:5)
  2 quokka skeletons
  9 rats
  A plant (D:8)
166 creatures vanquished.

Vanquished Creatures (others)
  A jackal skeleton (D:7)
1 creature vanquished.

Grand Total: 167 creatures vanquished

Notes
Turn   | Place    | Note
-------+----------+-------------------------------------------
     0 | D:1      | Envy91 the Minotaur Berserker began the quest for the Orb.
     0 | D:1      | Reached XP level 1. HP: 19/19 MP: 0/0
    94 | D:1      | Reached skill level 4 in Fighting
   104 | D:1      | Reached XP level 2. HP: 22/28 MP: 1/1
   549 | D:1      | Reached skill level 5 in Fighting
   690 | D:1      | Reached XP level 3. HP: 34/36 MP: 2/2
  1008 | D:2      | Reached ** piety under Trog
  1762 | D:2      | Reached XP level 4. HP: 39/42 MP: 3/3
  2348 | D:3      | Found a blossoming altar of Fedhas.
  2593 | D:3      | Found a faded altar of an unknown god.
  2665 | D:3      | Reached skill level 6 in Fighting
  3117 | D:3      | Reached *** piety under Trog
  3566 | D:4      | Reached skill level 5 in Axes
  3566 | D:4      | Reached XP level 5. HP: 42/50 MP: 4/4
  3606 | D:4      | Noticed an ogre
  3607 | D:4      | Found a basalt altar of Yredelemnul.
  3614 | D:4      | Killed an ogre
  3675 | D:4      | Found a radiant altar of Vehumet.
  3887 | D:4      | Reached XP level 6. HP: 37/57 MP: 5/5
  4177 | D:4      | Found Yrextar's Antique Armour Boutique.
  4183 | D:4      | Found Juall's Weapon Shoppe.
  4635 | D:4      | Noticed Natasha
  4648 | D:4      | Killed Natasha
  5032 | D:5      | Entered Level 5 of the Dungeon
  5062 | D:5      | Noticed an ice beast
  5071 | D:5      | Killed an ice beast
  5071 | D:5      | Reached skill level 7 in Fighting
  5098 | D:5      | Reached XP level 7. HP: 66/66 MP: 6/6
  5362 | D:5      | Reached skill level 8 in Fighting
  6009 | D:5      | Reached skill level 5 in Armour
  6376 | D:6      | Reached **** piety under Trog
  6379 | D:6      | Reached XP level 8. HP: 74/74 MP: 7/7
  7794 | D:7      | Reached skill level 9 in Fighting
  8175 | D:7      | Reached skill level 10 in Fighting
  8674 | D:7      | Noticed Pikel
  8690 | D:7      | Killed Pikel
  8690 | D:7      | Reached skill level 11 in Fighting
  8690 | D:7      | Reached XP level 9. HP: 63/89 MP: 8/8
  8937 | D:7      | Found a hazy altar of Hepliaklqana.
  9250 | D:7      | Reached skill level 12 in Fighting
  9494 | D:7      | Found a shimmering altar of Xom.
  9660 | D:7      | Noticed Menkaure
  9664 | D:7      | Killed Menkaure
  9769 | D:7      | Found a runed translucent door.
  9770 | D:7      | Noticed Crazy Yiuf
  9779 | D:7      | Killed Crazy Yiuf
 10095 | D:8      | HP: 2/92 [something (5)]
 10095 | D:8      | Slain by an unseen horror

Levels and vault maps discovered:
D:1:      giann_wishing_wells, layout_rooms
D:2:      layout_basic, first_ration
D:3:      layout_loops_corners, fedhas_altar_1,
          chequers_ecumenical_altar_simple_redux, kennysheep_generic_room_13
D:4:      layout_rooms, vehumet_crystals, old_standard_altar,
          minmay_temple_entry_nine_rooms, serial_shops, nicolae_shop_crystal,
          shop, chequers_jeans, minmay_misc_feat_tiny, grunt_ministairs_7,
          uniq_natasha
D:5:      layout_basic
D:6:      layout_rooms, kennysheep_generic_room_7
D:7:      layout_gridville, kennysheep_mini_moat, xom_butterflies, sigmund_army,
          uniq_crazy_yiuf_cottage, uniq_menkaure, uniq_pikel
D:8:      layout_rooms, lemuel_coloured_pillars_altar, serial_shops, shop,
          blue_anna_alchemist [blue_anna_fruit_fields, blue_anna_fruit_fields]

Skill      XL: |  1  2  3  4  5  6  7  8  9 |
---------------+----------------------------+-----
Fighting       | 4 5 6 7 8 11 12 | 12.8
Axes           | 4 5 6 7 |  7.0
Armour         | 3 4 7 8 |  8.0
Dodging        | |  2.1

Action                   |  1- 3 |  4- 6 |  7- 9 || total
-------------------------+-------+-------+-------++-------
Melee: Hand axe          |    86 |   135 |   206 ||   427
       Headbutt          |    12 |    33 |    37 ||    82
Throw: Boomerang         |       |       |     2 ||     2
Invok: Berserk           |       |     4 |     8 ||    12
       Trog's Hand       |       |       |     3 ||     3
  Use: Scroll            |     3 |     1 |     3 ||     7
       Potion            |       |       |     1 ||     1
 Stab: Sleeping          |       |     2 |       ||     2
  Eat: Chunk             |     3 |    10 |    14 ||    27
       Ration            |       |     1 |     3 ||     4
Armor: Animal skin       |    14 |    14 |       ||    28
       Leather armour    |       |     5 |    18 ||    23
       Chain mail        |       |       |    83 ||    83
Dodge: Dodged            |    56 |    76 |   123 ||   255

Table legend:
 A = Non-vault XP
 B = Vault XP
 C = Vault XP percentage of total XP
 D = Non-vault monster count
 E = Vault monster count
 F = Vault count percentage of total count
                 A         B        C        D         E       F
            +---------+---------+-------+---------+---------+-------
      Total |    3350 |     957 |  22.2 |     151 |      11 |   6.8
            +---------+---------+-------+---------+---------+-------
        D:1 |      50 |       0 |   0.0 |      27 |       0 |   0.0
        D:2 |      47 |       0 |   0.0 |      16 |       0 |   0.0
        D:3 |      68 |       1 |   1.4 |      20 |       1 |   4.8
        D:4 |     329 |      39 |  10.6 |      17 |       3 |  15.0
        D:5 |     602 |       0 |   0.0 |      23 |       0 |   0.0
        D:6 |     725 |       0 |   0.0 |      20 |       0 |   0.0
        D:7 |    1413 |     917 |  39.4 |      27 |       7 |  20.6
        D:8 |     116 |       0 |   0.0 |       1 |       0 |   0.0
            +---------+---------+-------+---------+---------+-------
